 Dungeon Crawl Stone Soup version 0.16.1-51-g6203257 (webtiles) character file.

1437273 dvner the Halfling Catapult (level 27, 193/193 HPs)
             Began as a Halfling Warper on July 8, 2015.
             Was a High Priest of Okawaru.
             Escaped with the Orb
             ... and 3 runes on July 11, 2015!
             The game lasted 15:59:47 (106110 turns).

dvner the Halfling Catapult (Halfling Warper)     Turns: 106110, Time: 15:59:47

Health: 193/193    AC: 45    Str: 15 (16) XL:     27
Magic:  40/40      EV: 32    Int:  7 (8)  God:    Okawaru [*****.]
Gold:   2312       SH: 19    Dex: 27      Spells: 11 memorised, 10 levels left

rFire  + + .     SeeInvis +     b - +6 eudemon blade (holy)
rCold  + + +     Clarity  +     y - +10 pearl dragon armour
rNeg   + . .     SustAb   .     X - +1 shield {AC+3}
rPois  .         Gourm    .     Z - +1 helmet "Mumnirunogg" {rC+}
rElec  .         Spirit   .     l - +2 cloak of the Spider Nest {rF+}
rCorr  .         Warding  .     O - +2 pair of gloves {archery}
rMut   .         Stasis   .     n - +1 pair of boots {run}
MR     ++...                    x - amulet of clarity
Stlth  ..........               F - ring "Ingyics" {+Fly Str+5 Int-4 Dex+2 Slay+3 SInv}
                                p - ring "Khusun" {rF+ rC+ Dex+2 Stlth-}

@: very slightly contaminated, hasted, repel missiles, very quick, very
resistant to hostile enchantments, extremely unstealthy
A: clumsy 1, cold resistance 1, deterioration 1, high mp 1, mutation resistance
1, screaming 2, weak 1
a: Heroism, Finesse, Renounce Religion, Evoke Flight
0: Orb of Zot
}: 3/15 runes: decaying, silver, gossamer


You escaped.
You worshipped Okawaru.
Okawaru was extremely pleased with you.
You were very full.

You visited 11 branches of the dungeon, and saw 59 of its levels.
You visited the Abyss 2 times.
You visited 1 bazaar.

You collected 7935 gold pieces.
You spent 5623 gold pieces at shops.

Inventory:

Hand weapons
 a - a +9 greatsling of velocity
 b - a +6 eudemon blade of holy wrath (weapon)
Missiles
 j - 359 stones (quivered)
 q - 98 sling bullets
 G - 105 sling bullets of frost
 J - 30 silver sling bullets
 W - 46 steel sling bullets
Armour
 d - a +2 cloak of magic resistance
 i - the +0 cloak "Ceum" {rElec rPois}
   (Okawaru gifted it to you on level 5 of the Realm of Zot)

   It insulates you from electricity.
   It protects you from poison.
 l - the +2 cloak of the Spider Nest (worn) {rF+}
   (You found it on level 1 of the Depths)

   It protects you from fire.
 n - a +1 pair of boots of running (worn)
 y - a +10 pearl dragon armour (worn)
 I - the +0 cloak of Starlight {rElec rC+ EV+4 Stlth-}
   (You found it on level 1 of the Depths)

   It affects your evasion (+4).
   It protects you from cold.
   It insulates you from electricity.
   It makes you less stealthy.
 O - a +2 pair of gloves of archery (worn)
 X - a +1 shield of protection (worn)
 Z - the +1 helmet "Mumnirunogg" (worn) {rC+}
   (Okawaru gifted it to you on level 5 of the Vaults)

   It protects you from cold.
Jewellery
 k - the ring "Usiat" {+Fly rPois rC+ rN++}
   (You acquired it on level 2 of the Crypt)

   [ring of flight]

   It protects you from cold.
   It protects you from poison.
   It greatly protects you from negative energy.
   It lets you fly.
 p - the ring "Khusun" (left hand) {rF+ rC+ Dex+2 Stlth-}
   (You took it off a deep elf death mage on level 3 of the Elven Halls)

   [ring of dexterity]

   It affects your dexterity (+2).
   It protects you from fire.
   It protects you from cold.
   It makes you less stealthy.
 u - the ring "Weiruck" {+Fly Slay+6}
   (You bought it in a shop in a bazaar)

   [ring of flight]

   It affects your accuracy and damage with ranged weapons and melee attacks
   (+6).
   It lets you fly.
 w - a +4 ring of strength
 x - an amulet of clarity (around neck)
 A - an uncursed amulet of resist corrosion
 F - the ring "Ingyics" (right hand) {+Fly Str+5 Int-4 Dex+2 Slay+3 SInv}
   (You found it on level 1 of the Crypt)

   [ring of dexterity]

   It affects your strength (+5).
   It affects your intelligence (-4).
   It affects your dexterity (+2).
   It affects your accuracy and damage with ranged weapons and melee attacks
   (+3).
   It enhances your eyesight.
   It lets you fly.
 H - an uncursed amulet of warding
 L - an uncursed ring of sustain abilities
 M - an uncursed amulet of stasis
 U - an uncursed ring of protection from magic
 Y - an uncursed ring of positive energy
Magical devices
 e - a wand of teleportation (6)
 t - a wand of hasting (2)
 D - a wand of teleportation (4)
 P - a wand of heal wounds (8)
 V - a wand of digging (9)
Scrolls
 r - 16 scrolls of teleportation
 s - 11 scrolls of identify
 v - 3 scrolls of recharging
 E - a scroll of magic mapping
 K - a scroll of summoning
 Q - 5 scrolls of blinking
 R - 23 scrolls of remove curse
 S - 8 scrolls of fog
 T - a scroll of silence
Potions
 c - 6 potions of heal wounds
 m - 5 potions of might
 o - 6 potions of restore abilities
 z - a potion of agility
 C - 15 potions of curing
 N - a potion of resistance
Comestibles
 f - 50 bread rations
 g - 34 meat rations
 h - 60 fruits
 B - 19 royal jellies


   Skills:
 * Level 17.4 Fighting
 - Level 16.4 Long Blades
 O Level 27 Slings
 - Level 1.3(17.4) Throwing
 - Level 20.0 Armour
 - Level 20.0 Dodging
 - Level 21.0 Shields
 - Level 8.0 Spellcasting
 - Level 12.0 Charms
 - Level 7.0 Necromancy
 - Level 12.0 Translocations
   Level 6.0 Ice Magic
 - Level 7.0 Air Magic
 - Level 8.0 Invocations


You had 10 spell levels left.
You knew the following spells:

 Your Spells              Type           Power        Failure   Level  Hunger
a - Stoneskin             Trmt/Erth      #.......     80%         2    ##.....
b - Blink                 Tloc           N/A          1%          2    ##.....
e - Regeneration          Chrm/Necr      ###.......   3%          3    ###....
f - Portal Projectile     Tloc           ###...       1%          3    ###....
h - Apportation           Tloc           ###.......   1%          1    None
j - Controlled Blink      Tloc           N/A          100%        7    #######
k - Control Teleport      Chrm/Tloc      ###.......   4%          4    ####...
l - Abjuration            Summ           #.........   98%         3    ###....
r - Repel Missiles        Chrm/Air       ###...       1%          2    ##.....
t - Swiftness             Chrm/Air       ###.....     1%          2    ##.....
y - Flight                Chrm/Air       ###.......   3%          3    ###....


Dungeon Overview and Level Annotations

Branches:
Dungeon (15/15)            Temple (1/1) D:4            Lair (8/8) D:8
  Swamp (5/5) Lair:6       Spider (5/5) Lair:3        Slime (0/6) Lair:7
    Orc (4/4) D:9             Elf (3/3) Orc:4        Vaults (5/5) D:13
  Crypt (3/3) Vaults:2       Tomb (0/3) Crypt:3      Depths (5/5) D:15
    Zot (5/5) Depths:5

Altars:
Ashenzari
Cheibriados
Dithmenos
Elyvilon
Fedhas
Gozag
Kikubaaqudgha
Makhleb
Nemelex Xobeh
Okawaru
Qazlal
Ru
Sif Muna
Trog
Vehumet
Xom
Yredelemnul
Zin
The Shining One
Beogh

Shops:
D:6 *   D:7 =   D:15 %   Orc:4 *([(   Elf:1 (   Elf:2 %   Elf:3 *

Portals:
Hell: Depths:1 Depths:2 Depths:3 Depths:4 Depths:5
Abyss: Depths:1 Depths:4
Pandemonium: Depths:3 Depths:4
Ziggurat: Depths:3


Innate Abilities, Weirdness & Mutations

You are small and have problems with some larger weapons.
You are somewhat resistant to further mutation.
You are clumsy. (Dex -2)
Your flesh is cold resistant.
Your body is slowly deteriorating.
You have an increased reservoir of magic (+10% MP).
You sometimes yell uncontrollably at your foes.
You are weak. (Str -2)


Message History

There is a stone staircase leading up here.
You hear a grinding noise.
You climb upwards.
You sense a powerful magical force warping space.
There is a stone staircase leading down here.
You found a teleport trap!
A cherub comes into view. It is wielding a long sword of flaming.
You yell at the cherub!
You hear a shout!
The cherub unwields an uncursed long sword of flaming.
It stops flaming.
The cherub wields a hunting sling.
The cherub shoots a stone.
You block the stone.
You see here a stone.
Evoke which item? (* to show all) (? for menu, Esc to quit)
Zapping:
t - a wand of hasting (3)
Press: ? - help, Shift-Dir - straight line, f - you You feel yourself speed up.
This wand has 2 charges left.
The cherub shoots a stone.
The stone closely misses you.
There is a staircase leading out of the dungeon here.
You have escaped!

####.....### #..# #.
#....#.....####..# #.
#.##.#####(##....######.
########.###.###.#....A........
#.......รท#
##.#.####....######.
#.######.## ##.## ##..#.######.
#.# ##.###.#.###.#.#........
#.# ##.#.#.#.#.##....###### #.#
##.#.@.#.###)..## # #.#
##.#.#.#.#.##..># # #.#
##.###.#.###.#..## # #.# ##.##
##.## ##..## #### #.#
#...###.#.####..# #... #.#
##.#..#.###.#....# #.## #.#
#..##..## ##..#########.# #.#
#.###### ##..# #.....# #.# #.#
#...# #.###.#


There were no monsters in sight!

Vanquished Creatures
  3 orbs of fire
  7 ancient liches
  A curse toe (Zot:4)
  3 Killer Klowns (Zot:5)
  Mennas (Vaults:5)
  9 golden dragons
  Xtahua (Depths:5)
  Frederick (Vaults:5)
  2 bone dragons (Crypt:3)
  Arachne (Spider:3)
  4 electric golems
  19 tentacled monstrosities
  7 liches
  22 Orb Guardians (Zot:5)
  A deep elf blademaster (Elf:3)
  2 deep elf master archers (Elf:3)
  3 quicksilver dragons
  A tentacled starspawn (Abyss:2)
  4 titans
  An Executioner (Abyss:2)
  3 sphinxes
  2 thorn hunters (Swamp:5)
  Agnes (Spider:3)
  15 storm dragons
  7 ancient champions
  Kirke (Elf:1)
  5 revenants
  Frances (Spider:3)
  8 tengu reavers
  6 shadow dragons
  A draconian monk (Zot:3)
  Roxanne (D:14)
  9 fire giants
  Wiglaf (Depths:1)
  3 draconian scorchers
  An iron dragon (Depths:5)
  11 frost giants
  2 orc warlords (Depths:1)
  7 deep elf sorcerers
  Louise (Swamp:5)
  11 emperor scorpions
  3 draconian knights
  2 curse skulls
  3 draconian zealots
  14 vault wardens
  4 ghost moths
  12 ironheart preservers
  4 draconian annihilators
  5 war gargoyles
  5 ghouls
  9 very ugly things
  17 stone giants
  4 spriggan defenders
  4 draconian shifters
  2 draconian callers
  4 green draconians
  5 grey draconians
  7 black draconians
  The ghost of Gargoyl the Bludgeoner, a powerful GrBe of Trog (D:15)
  A lorocyproca (Depths:4)
  6 deep elf demonologists
  Azrael (Spider:3)
  3 dire elephants
  5 purple draconians
  9 white draconians
  2 vampire knights (Crypt:3)
  5 mottled draconians
  5 red draconians
  13 deep elf annihilators
  6 pale draconians
  3 yellow draconians
  8 deep elf death magi
  The ghost of Gargoyl the Basher, a powerful GrBe of Trog (Elf:2)
  Snorg (Swamp:4)
  4 minotaurs
  18 ettins
  2 fire dragons (shapeshifter) (Depths:4)
  5 eidola
  12 jiangshi
  26 yaktaur captains
  5 great orbs of eyes
  12 death cobs
  27 vault guards
  5 deep elf high priests
  22 hydras
  14 ogre magi
  18 fire dragons
  Fannar (Lair:2)
  20 ice dragons
  A great orb of eyes (shapeshifter) (Vaults:5)
  9 spriggan air magi
  A caustic shrike simulacrum (Depths:2)
  2 quicksilver dragon skeletons
  A ghost crab (Swamp:3)
  A catoblepas (Depths:4)
  12 centaur warriors
  An ice dragon (shapeshifter) (Depths:4)
  Erica (Lair:1)
  An anaconda (Abyss:2)
  16 rakshasas
  18 dancing weapons
  8 alligators
  35 death yaks
  7 deep troll earth magi
  3 death knights
  A satyr (shapeshifter) (Depths:4)
  10 deep troll shamans
  3 orc high priests
  4 vampire magi
  3 tengu warriors (Depths:3)
  3 thrashing horrors
  3 spriggan berserkers
  2 fire crabs (shapeshifter)
  A sea snake (shapeshifter) (Vaults:5)
  46 skeletal warriors
  A wretched star (Abyss:2)
  5 shadow wraiths
  5 iron trolls (Depths:5)
  19 deep elf knights
  4 hell knights
  3 fire crabs
  4 flayed ghosts
  3 wizards
  29 deep trolls
  2 salamander mystics (Depths:4)
  7 spriggan druids
  2 storm dragon skeletons
  A spatial maelstrom (Abyss:2)
  A ghost moth zombie (Crypt:1)
  11 swamp dragons
  2 unseen horrors
  6 shambling mangroves
  8 hill giants
  9 deep elf summoners
  4 harpies (Vaults:3)
  6 giant orange brains
  14 ironbrand convokers
  Pikel (D:6)
  14 starcursed masses (Abyss:2)
  A shadow dragon zombie (Crypt:1)
  An anaconda skeleton (Crypt:3)
  9 necromancers
  2 wolf spider zombies (D:15)
  2 golden dragon skeletons (Crypt:3)
  24 orc knights
  24 orb spiders
  17 deep elf conjurers
  A wolf spider (shapeshifter) (Depths:4)
  38 ugly things
  A fire giant zombie (Vaults:5)
  A lindwurm (Lair:8)
  A stone giant zombie (Depths:2)
  2 frost giant zombies
  7 griffons
  A worldbinder (Abyss:2)
  27 moths of wrath
  32 wolf spiders
  9 cyclopes
  A salamander (shapeshifter) (Depths:1)
  12 orc sorcerers
  A draconian (shapeshifter) (Depths:3)
  3 manticores
  13 hornets
  3 iron dragon skeletons
  A faun (shapeshifter) (Depths:4)
  2 black mambas (shapeshifter)
  8 elephants
  9 phantasmal warriors
  16 vault sentinels
  3 salamanders (Depths:5)
  A shock serpent zombie (Crypt:3)
  2 stone giant skeletons
  An apocalypse crab (Abyss:2)
  A guardian serpent (Lair:8)
  5 naga magi
  A molten gargoyle (Depths:5)
  9 black mambas
  4 gargoyles
  2 orange demons (Abyss:2)
  An elephant (shapeshifter) (Elf:1)
  7 centaur skeletons
  24 spiny frogs
  A torpor snail (Depths:1)
  2 efreet
  An octopode (shapeshifter) (Vaults:5)
  5 smoke demons
  A torpor snail (shapeshifter) (Vaults:4)
  2 rust devils (Abyss:2)
  7 komodo dragons
  A spriggan zombie (Depths:2)
  A dire elephant skeleton (Crypt:3)
  A yaktaur (shapeshifter) (Vaults:1)
  2 anaconda simulacra (Depths:4)
  An alligator snapping turtle skeleton (Crypt:1)
  13 fire drakes
  3 hellwings
  19 demonic crawlers
  7 kobold demonologists
  7 freezing wraiths
  57 yaktaurs
  23 two-headed ogres
  7 wandering mushrooms (Lair:6)
  A tengu simulacrum (Vaults:2)
  13 deep elf priests
  A silent spectre (Crypt:2)
  4 ancient zymes
  11 trolls
  18 jumping spiders
  A sphinx simulacrum (Vaults:5)
  8 raiju (Abyss:2)
  33 slime creatures
  A harpy skeleton (Crypt:3)
  A polar bear (shapeshifter) (Abyss:2)
  5 giant leeches
  A moth of wrath zombie (Crypt:2)
  A troll (shapeshifter) (Vaults:5)
  12 boulder beetles
  18 ravens
  A queen bee (D:10)
  A griffon zombie (Crypt:2)
  11 spriggans
  51 redbacks
  3 shadows (Crypt:2)
  7 vampires
  3 bog bodies
  19 blink frogs
  3 air elementals
  An ice dragon zombie (Crypt:1)
  5 basilisks
  7 wraiths
  A spriggan (shapeshifter) (Vaults:1)
  18 flying skulls
  16 small abominations
  3 ettin skeletons
  3 fire dragon skeletons (Crypt:3)
  2 neqoxecs (Abyss:2)
  30 trapdoor spiders
  A centaur simulacrum (D:14)
  6 hungry ghosts
  33 tarantellas
  2 ynoxinuls (Abyss:2)
  An alligator skeleton (Crypt:3)
  2 human simulacra
  A guardian serpent skeleton (Crypt:1)
  4 water elementals (Depths:1)
  32 yaks
  13 deep elf magi
  14 hippogriffs
  Grum (D:8)
  An elf skeleton (Vaults:5)
  22 deep elf fighters
  6 hogs (Elf:1)
  8 wyverns
  A yaktaur simulacrum (Vaults:3)
  A golden eye (shapeshifter) (Depths:3)
  4 fire elementals (Spider:3)
  42 vampire mosquitoes
  A soldier ant (D:12)
  3 mottled dragons
  10 chaos spawn
  3 spatial vortices (Abyss:2)
  16 wolves
  Edmund (D:9)
  A soldier ant (shapeshifter) (Vaults:5)
  A putrid demonspawn zombie (Crypt:2)
  38 swamp worms
  9 porcupines
  A gelid demonspawn skeleton (Crypt:3)
  2 hell hounds (Spider:3)
  2 merfolk skeletons
  3 spiny frog skeletons
  12 wargs
  43 orc warriors
  25 spiders
  A deep troll skeleton (Vaults:4)
  A water nymph skeleton (Crypt:3)
  2 phantoms
  3 sky beasts
  2 snapping turtle zombies (Crypt:1)
  A swamp dragon zombie (Crypt:1)
  A spider (shapeshifter) (Depths:2)
  7 large abominations (Abyss:2)
  29 water moccasins
  A black bear (D:9)
  A black bear (shapeshifter) (Depths:4)
  5 boggarts
  31 centaurs
  22 wasps
  11 swamp drakes
  An eye of draining (Abyss:2)
  6 ice beasts
  4 slaves
  An elephant skeleton (Crypt:3)
  6 necrophages
  A lindwurm skeleton (Crypt:3)
  An eye of draining (shapeshifter) (Elf:3)
  51 ogres
  2 swamp dragon skeletons
  5 big kobolds
  14 crocodiles
  A blink frog skeleton (Crypt:1)
  2 lost souls
  A brain worm (shapeshifter) (Vaults:5)
  Sigmund (D:7)
  23 giant frogs
  A boring beetle (Lair:8)
  A salamander zombie (Crypt:2)
  A spiny frog simulacrum (Crypt:1)
  A big kobold (shapeshifter) (Vaults:5)
  A gnoll sergeant (D:10)
  4 scorpions
  A water moccasin skeleton (D:5)
  5 electric eels
  A spriggan skeleton (Crypt:1)
  41 killer bees
  14 wights
  7 crimson imps
  2 quasits
  A goliath beetle (D:6)
  5 centaur zombies
  A jelly (shapeshifter) (Vaults:5)
  18 jellies
  10 hounds
  A giant frog zombie (D:13)
  2 black bear skeletons
  A gnoll shaman (D:8)
  4 giant frog skeletons
  7 hell rats
  4 iron imps
  36 orc priests
  16 worker ants
  60 orc wizards
  9 iguanas
  A dwarf zombie (Crypt:1)
  28 sheep
  2 killer bee zombies
  A felid skeleton (Crypt:3)
  An ogre skeleton (Crypt:3)
  A crocodile skeleton (Crypt:3)
  A deep dwarf zombie (Crypt:1)
  Terence (D:1)
  2 hound skeletons
  9 gnolls
  33 adders
  79 river rats
  A worm zombie (Crypt:2)
  2 giant mites
  2 shadow imps
  A swamp drake skeleton (Crypt:2)
  A white imp (Abyss:2)
  3 worms
  3 ufetubi
  An adder zombie (D:4)
  An iguana zombie (Crypt:1)
  9 giant geckos
  6 oozes
  291 orcs
  2 bat skeletons
  6 giant cockroaches
  A giant mite zombie (Crypt:3)
  22 hobgoblins
  24 jackals
  21 kobolds
  16 quokkas
  11 bats
  A giant cockroach zombie (D:6)
  8 giant newts
  23 goblins
  2 hobgoblin zombies (Crypt:2)
  A jackal skeleton (D:4)
  A lurking horror (Abyss:2)
  6 orc zombies
  2 quokka skeletons
  A quokka zombie (Crypt:2)
  23 rats
  7 ballistomycetes
  A bush (Lair:2)
  2 fungi
  6 plants
3240 creatures vanquished.

Vanquished Creatures (others)
  A yellow draconian (Zot:2)
  A vault guard (Vaults:5)
  A skeletal warrior (Crypt:3)
  An orb spider (Spider:5)
  2 moths of wrath
  A wolf spider (Spider:3)
  A boggart (Depths:3)
  A spider (Spider:4)
  A swamp drake (Swamp:5)
  A wasp (Spider:5)
  2 ogres
  10 lost souls
  A big kobold (D:12)
  2 orc wizards (Orc:4)
  A jackal (D:10)
  4 giant spores
  A lurking horror (Abyss:2)
  3 ballistomycetes (D:15)
  21 fungi
  15 plants
  A singularity (Zot:4)
72 creatures vanquished.

Grand Total: 3312 creatures vanquished

Notes
Turn   | Place    | Note
--------------------------------------------------------------
     0 | D:1      | dvner, the Halfling Warper, began the quest for the Orb.
     0 | D:1      | Reached XP level 1. HP: 14/14 MP: 2/2
   322 | D:1      | Reached XP level 2. HP: 19/19 MP: 3/3
   339 | D:1      | Learned a level 2 spell: Blink
   807 | D:1      | Reached XP level 3. HP: 16/24 MP: 5/5
  1147 | D:2      | Noticed Terence
  1992 | D:2      | Reached skill level 4 in Long Blades
  1992 | D:2      | Reached XP level 4. HP: 29/29 MP: 6/6
  2929 | D:1      | Killed Terence
  2929 | D:1      | Reached skill level 1 in Slings
  3586 | D:3      | Reached XP level 5. HP: 34/34 MP: 7/7
  4176 | D:5      | Entered Level 5 of the Dungeon
  4183 | D:5      | Reached skill level 5 in Slings
  4297 | D:5      | Learned a level 3 spell: Portal Projectile
  4397 | D:4      | Found a stormy altar of Qazlal.
  4446 | D:4      | Found a staircase to the Ecumenical Temple.
  4461 | Temple   | Entered the Ecumenical Temple
  4538 | Temple   | Became a worshipper of Warmaster Okawaru
  4852 | Temple   | Reached XP level 6. HP: 25/39 MP: 9/9
  4962 | D:4      | Reached skill level 6 in Slings
  5612 | D:4      | Reached skill level 7 in Slings
  5626 | D:4      | Learned a level 2 spell: Shroud of Golubria
  5909 | D:4      | Noticed an ogre
  5922 | D:4      | Killed an ogre
  5922 | D:4      | Reached XP level 7. HP: 36/44 MP: 2/10
  6005 | D:4      | Noticed a water elemental
  6007 | D:4      | Noticed an air elemental
  6007 | D:4      | Noticed a fire elemental
  7066 | D:4      | Reached skill level 1 in Charms
  7066 | D:4      | Reached skill level 5 in Translocations
  7239 | D:5      | Acquired Okawaru's first power
  7504 | D:5      | Noticed a sky beast
  7529 | D:5      | Killed a sky beast
  8167 | D:5      | Reached XP level 8. HP: 41/49 MP: 14/14
  8576 | D:6      | Found Muteph's Assorted Antiques.
  8583 | D:6      | Bought a glowing leather armour for 58 gold pieces
  9694 | D:6      | Reached skill level 8 in Slings
 10326 | D:6      | Reached skill level 9 in Slings
 10563 | D:7      | Reached XP level 9. HP: 48/54 MP: 14/19
 10632 | D:7      | Reached skill level 10 in Slings
 10752 | D:7      | Noticed Pikel
 11412 | D:6      | Killed Pikel
 11412 | D:6      | Reached skill level 12 in Slings
 11631 | D:7      | Found Erghyw Jile's Jewellery Emporium.
 12105 | D:6      | Reached skill level 5 in Dodging
 12474 | D:6      | Received a gift from Okawaru
 12474 | D:6      | Reached XP level 10. HP: 40/60 MP: 4/20
 13081 | D:7      | Got a pair of slimy boots
 13088 | D:7      | Identified the +2 pair of boots "Mnololia" {rC- Regen+ Int+5 Stlth+} (You found it on level 7 of the Dungeon)
 14067 | D:7      | Received a gift from Okawaru
 14445 | D:7      | Noticed Sigmund
 14453 | D:7      | Killed Sigmund
 14642 | D:7      | Found a shadowy altar of Dithmenos.
 14643 | D:7      | Found a glowing silver altar of Zin.
 15067 | D:8      | Reached skill level 5 in Long Blades
 15652 | D:8      | Received a gift from Okawaru
 15702 | D:8      | Found a staircase to the Lair.
 15892 | D:8      | Reached XP level 11. HP: 64/64 MP: 21/21
 15920 | D:8      | Noticed a white ugly thing
 15976 | D:8      | Killed a white ugly thing
 16764 | D:8      | Noticed Grum
 16818 | D:8      | Killed Grum
 16818 | D:8      | Received a gift from Okawaru
 17195 | D:7      | Bought an uncursed ring of see invisible for 225 gold pieces
 17669 | D:9      | Found a radiant altar of Vehumet.
 17867 | D:9      | Found a staircase to the Orcish Mines.
 17931 | Orc:1    | Entered Level 1 of the Orcish Mines
 17971 | Orc:1    | Received a gift from Okawaru
 18497 | Orc:3    | Noticed an orc high priest
 18497 | Orc:3    | Noticed an orc sorcerer
 18628 | D:9      | Noticed Edmund
 18657 | D:9      | Killed Edmund
 19018 | D:9      | Reached skill level 10 in Long Blades
 19209 | D:10     | Entered Level 10 of the Dungeon
 19611 | D:9      | Received a gift from Okawaru
 20152 | D:10     | Reached skill level 1 in Shields
 20604 | D:10     | Received a gift from Okawaru
 21394 | D:10     | Reached skill level 5 in Shields
 21464 | D:10     | Reached XP level 12. HP: 62/70 MP: 22/22
 21514 | D:10     | Acquired Okawaru's second power
 21516 | D:10     | Noticed a hill giant
 21556 | D:10     | Killed a hill giant
 22190 | D:11     | Gained mutation: You have an increased reservoir of magic (+10% MP). [potion of mutation]
 22190 | D:11     | Gained mutation: Your flesh is cold resistant. [potion of mutation]
 22202 | D:11     | Got a pair of heavily runed boots
 22213 | D:11     | Identified the cursed -5 pair of boots of Enuxiym {rElec Regen+ rCorr Int-2 Dex-4} (You found it on level 11 of the Dungeon)
 23601 | D:12     | Received a gift from Okawaru
 23601 | D:12     | Reached skill level 1 in Invocations
 24054 | D:12     | Found a flickering gateway to a bazaar.
 24082 | Bazaar   | Entered a bazaar
 24082 | Bazaar   | Found Faykoec's Jewellery Boutique.
 24082 | Bazaar   | Found Yhemmin's Distillery.
 24082 | Bazaar   | Found Neacaenk's Magic Scroll Shop.
 24082 | Bazaar   | Found Chacet's Book Boutique.
 24098 | Bazaar   | Bought the ring "Weiruck" {+Fly Slay+6} for 347 gold pieces
 24110 | Bazaar   | Bought a book of Minor Magic for 220 gold pieces
 24113 | Bazaar   | Learned a level 2 spell: Repel Missiles
 24556 | D:12     | Reached skill level 1 in Air Magic
 24808 | D:12     | Got a steaming scale mail
 24819 | D:12     | Identified the +0 scale mail "Utzittiu" {Str+2} (You found it on level 12 of the Dungeon)
 25466 | D:13     | Reached skill level 5 in Invocations
 25480 | D:13     | Received a gift from Okawaru
 25712 | D:13     | Noticed a centaur warrior
 25889 | D:13     | Killed a centaur warrior
 25889 | D:13     | Received a gift from Okawaru
 25889 | D:13     | Reached XP level 13. HP: 57/74 MP: 25/25
 25893 | D:13     | Reached skill level 5 in Charms
 25893 | D:13     | Reached skill level 5 in Air Magic
 26072 | Lair:1   | Entered Level 1 of the Lair of Beasts
 26072 | Lair:1   | Noticed Erica
 26093 | Lair:1   | Killed Erica
 27055 | Lair:1   | Got a warped glass ring
 27058 | Lair:1   | Got a fine falchion
 27069 | Lair:1   | Identified the ring "Quoha" {rPois rF+ rC- EV+3 Dex+5} (You found it on level 1 of the Lair of Beasts)
 27236 | Lair:1   | Identified the +7 falchion of Meadud {flame, +Inv rPois Str-3 Int+4 Dex+2} (You found it on level 1 of the Lair of Beasts)
 27272 | Lair:2   | Reached skill level 13 in Long Blades
 27337 | Lair:2   | Received a gift from Okawaru
 27448 | Lair:2   | Noticed Fannar
 27557 | Lair:1   | Received a gift from Okawaru
 27780 | Lair:2   | Killed Fannar
 28255 | Lair:2   | Reached skill level 14 in Long Blades
 28980 | Lair:3   | Got a bloodstained dagger
 29115 | Lair:3   | Found a hole to the Spider Nest.
 29216 | Lair:3   | Received a gift from Okawaru
 29493 | Lair:3   | Got a scorched mace
 29494 | Lair:3   | Identified the +7 mace "Akujuv" {crush, rC++ Dex-5} (You found it on level 3 of the Lair of Beasts)
 29609 | Lair:4   | Received a gift from Okawaru
 29876 | Lair:4   | Received a gift from Okawaru
 29876 | Lair:4   | Reached XP level 14. HP: 81/83 MP: 26/26
 30259 | Lair:4   | Reached skill level 5 in Fighting
 32080 | Lair:5   | Received a gift from Okawaru
 32689 | Lair:6   | Reached skill level 10 in Fighting
 33285 | Lair:6   | Reached XP level 15. HP: 92/103 MP: 27/27
 33298 | Lair:6   | Found a staircase to the Swamp.
 33706 | Lair:6   | Reached skill level 5 in Armour
 33855 | Lair:6   | Received a gift from Okawaru
 34168 | Lair:7   | Identified the +10 dagger "Grom" {vamp, +Inv rPois rF- MP+9 Str+3} (You found it on level 3 of the Lair of Beasts)
 34305 | Lair:7   | Found a staircase to the Slime Pits.
 34795 | Lair:8   | Entered Level 8 of the Lair of Beasts
 35028 | Lair:8   | Reached skill level 10 in Armour
 35176 | Lair:8   | Reached skill level 10 in Dodging
 36050 | Lair:8   | Learned a level 3 spell: Regeneration
 36062 | Lair:8   | Received a gift from Okawaru
 37175 | Orc:2    | Killed an orc sorcerer
 37175 | Orc:2    | Reached skill level 1 in Necromancy
 37297 | Orc:3    | Killed an orc high priest
 37297 | Orc:3    | Reached XP level 16. HP: 109/109 MP: 17/28
 37372 | Orc:4    | Entered Level 4 of the Orcish Mines
 37780 | Orc:4    | Received a gift from Okawaru
 38026 | Orc:4    | Found Klaisu's Weapon Emporium.
 38026 | Orc:4    | Found Exzanung's Assorted Antiques.
 38202 | Orc:4    | Found a roughly hewn altar of Beogh.
 38340 | Orc:4    | Found Kanuis' Antique Armour Boutique.
 38370 | Orc:4    | Bought a shiny scale mail for 152 gold pieces
 38398 | Orc:4    | Found Mnoaf's Weapon Emporium.
 38486 | Orc:4    | Bought a silver wand for 128 gold pieces
 38486 | Orc:4    | Bought a runed scimitar for 128 gold pieces
 38486 | Orc:4    | Bought a short bone wand for 128 gold pieces
 38665 | Orc:4    | Found a staircase to the Elven Halls.
 40045 | Orc:1    | Found a roughly hewn altar of Beogh.
 40194 | Orc:1    | Found a roughly hewn altar of Beogh.
 41344 | D:13     | Found a gate to the Vaults.
 41357 | D:13     | Noticed an ogre mage
 41366 | D:13     | Killed an ogre mage
 41466 | D:13     | Received a gift from Okawaru
 41467 | D:13     | Got a bloodstained scimitar {god gift}
 41468 | D:13     | Identified the +9 scimitar "Masa" {flame, rC+ Dex+2} (Okawaru gifted it to you on level 13 of the Dungeon)
 42204 | D:14     | Reached skill level 5 in Necromancy
 42308 | D:14     | Got a crude robe
 42319 | D:14     | Identified the +2 robe of Imperfection {rPois} (You found it on level 14 of the Dungeon)
 42345 | D:14     | Got a tattered robe
 42357 | D:14     | Identified the +1 robe of Refuge {Dex+2} (You found it on level 14 of the Dungeon)
 43309 | D:14     | Noticed Roxanne
 43380 | D:14     | Killed Roxanne
 43387 | D:14     | Identified Roxanne's Catalogue of the Rocks (You took it off Roxanne on level 14 of the Dungeon)
 43641 | D:15     | Entered Level 15 of the Dungeon
 43650 | D:15     | Received a gift from Okawaru
 43845 | D:15     | Received a gift from Okawaru
 43846 | D:15     | Got a twisted cloak {god gift}
 43866 | D:15     | Identified the -2 cloak of Pathos {rN+ MR+ MP-9 Str+3} (Okawaru gifted it to you on level 15 of the Dungeon)
 43967 | D:15     | Noticed Gargoyl's ghost (powerful GrBe)
 44013 | D:15     | Killed Gargoyl's ghost
 44285 | D:15     | Found an ancient bone altar of Kikubaaqudgha.
 44394 | D:15     | Found Nynix's Food Boutique.
 44404 | D:15     | Reached XP level 17. HP: 108/115 MP: 26/28
 44964 | D:15     | Found a staircase to the Depths.
 45459 | Swamp:1  | Entered Level 1 of the Swamp
 45579 | Swamp:1  | Reached skill level 10 in Shields
 46636 | Swamp:2  | Received a gift from Okawaru
 48042 | Swamp:4  | Received a gift from Okawaru
 49033 | Swamp:4  | Noticed Snorg
 49044 | Swamp:4  | Killed Snorg
 49268 | Swamp:5  | Entered Level 5 of the Swamp
 49460 | Swamp:5  | Reached XP level 18. HP: 120/120 MP: 23/29
 49482 | Swamp:4  | Received a gift from Okawaru
 49946 | Swamp:5  | Reached skill level 15 in Shields
 50158 | Swamp:5  | Got a decaying rune of Zot
 50449 | Swamp:5  | Noticed Louise
 50462 | Swamp:5  | Cast into the Abyss (Louise)
 50701 | Swamp:5  | Escaped the Abyss
 50713 | Swamp:5  | Killed Louise
 50834 | Swamp:5  | Reached skill level 16 in Shields
 51906 | Spider:1 | Entered Level 1 of the Spider Nest
 52579 | Spider:1 | Learned a level 2 spell: Swiftness
 52583 | Spider:1 | Learned a level 3 spell: Flight
 53137 | Spider:1 | Received a gift from Okawaru
 53174 | Spider:2 | Reached skill level 17 in Shields
 53917 | Spider:3 | Noticed Frances
 54188 | Spider:3 | Killed Frances
 54188 | Spider:3 | Received a gift from Okawaru
 54188 | Spider:3 | Reached XP level 19. HP: 106/126 MP: 10/30
 54439 | Spider:3 | Received a gift from Okawaru
 54470 | Spider:3 | Noticed Arachne
 54534 | Spider:3 | Noticed Azrael
 54549 | Spider:3 | Killed Azrael
 54549 | Spider:3 | Reached skill level 18 in Shields
 54614 | Spider:3 | Killed Arachne
 54614 | Spider:3 | Received a gift from Okawaru
 55135 | Spider:4 | Noticed Agnes
 55163 | Spider:3 | Killed Agnes
 55168 | Spider:3 | Received a gift from Okawaru
 56101 | Spider:5 | Entered Level 5 of the Spider Nest
 56294 | Spider:5 | Got a brightly glowing scimitar
 56295 | Spider:5 | Identified the +5 scimitar "Thrikhl Lits" {holy, rN++ MP+9 Int-5} (You found it on level 5 of the Spider Nest)
 56723 | Spider:5 | Reached skill level 19 in Shields
 56904 | Spider:5 | Received a gift from Okawaru
 57248 | Spider:5 | Received a gift from Okawaru
 57686 | Spider:5 | Reached skill level 20 in Shields
 58193 | Spider:5 | Got a gossamer rune of Zot
 58640 | Spider:5 | Reached XP level 20. HP: 117/132 MP: 30/30
 59414 | Elf:1    | Entered Level 1 of the Elven Halls
 59414 | Elf:1    | Found Mnoub's Antique Weapon Shoppe.
 59590 | Elf:1    | Noticed a Brimstone Fiend
 60174 | Elf:1    | Noticed Kirke
 60215 | Elf:1    | Killed Kirke
 60483 | Elf:1    | Reached skill level 21 in Shields
 60491 | Elf:1    | Identified Rifutaicw's Almanac of Confrontation
 60714 | Elf:1    | Received a gift from Okawaru
 61206 | Elf:2    | Found Ehuad's Food Shop.
 61437 | Elf:2    | Received a gift from Okawaru
 61438 | Elf:2    | Got a pair of polished boots {god gift}
 61456 | Elf:2    | Identified the +2 pair of boots "Qeetien" {rF- Str+3 Stlth+} (Okawaru gifted it to you on level 2 of the Elven Halls)
 61475 | Elf:2    | Found a huge runed gate.
 61475 | Elf:2    | Found a huge runed gate.
 61475 | Elf:2    | Found a huge runed gate.
 61475 | Elf:2    | Found a huge runed gate.
 61475 | Elf:2    | Found a huge runed gate.
 61608 | Elf:2    | Noticed Gargoyl's ghost (powerful GrBe)
 61625 | Elf:2    | Killed Gargoyl's ghost
 62846 | Elf:3    | Entered Level 3 of the Elven Halls
 62910 | Elf:3    | Gained mutation: You are weak. (Str -2) [a neqoxec]
 62968 | Elf:3    | Reached skill level 15 in Slings
 63329 | Elf:3    | Reached XP level 21. HP: 120/143 MP: 25/31
 63662 | Elf:3    | Got a scorched ivory ring
 63688 | Elf:3    | Identified Sif Muna's Collected Works on Hurtful Heat
 63697 | Elf:3    | Identified the ring "Khusun" {rF+ rC+ Dex+2 Stlth-} (You took it off a deep elf death mage on level 3 of the Elven Halls)
 63707 | Elf:3    | Got a crude blowgun
 63708 | Elf:3    | Identified the cursed +3 blowgun of Ehihoamp {speed, rElec} (You found it on level 3 of the Elven Halls)
 63725 | Elf:3    | Identified Sif Muna's Incunabulum of Beguiling
 63735 | Elf:3    | Received a gift from Okawaru
 63793 | Elf:3    | Got a pitted copper ring
 63796 | Elf:3    | Identified the ring of Tari {MP+9 Str+4 Dex+2} (You found it on level 3 of the Elven Halls)
 63802 | Elf:3    | Identified Lehudib's Guide on Attacks and Ignition
 63950 | Elf:3    | Learned a level 3 spell: Abjuration
 64146 | Elf:3    | Found Suthorcho's Assorted Antiques.
 64845 | Lair:2   | Learned a level 4 spell: Control Teleport
 64999 | Vaults:1 | Entered Level 1 of the Vaults
 65180 | Vaults:1 | Learned a level 3 spell: Ozocubu's Armour
 65223 | Vaults:1 | Reached skill level 1 in Ice Magic
 65726 | Vaults:1 | Reached skill level 5 in Ice Magic
 66929 | Vaults:2 | Found a staircase to the Crypt.
 66929 | Vaults:2 | Found a basalt altar of Yredelemnul.
 66930 | Vaults:2 | Found an ancient bone altar of Kikubaaqudgha.
 67737 | Vaults:2 | Reached skill level 5 in Spellcasting
 67936 | Vaults:2 | Reached XP level 22. HP: 148/148 MP: 34/34
 68131 | Vaults:3 | Received a gift from Okawaru
 68132 | Vaults:3 | Got a smoking long sword {god gift}
 68139 | Vaults:3 | Identified the +12 long sword of Anguish {venom, Contam rF+ Dex+4} (Okawaru gifted it to you on level 3 of the Vaults)
 68211 | Vaults:3 | Gained mutation: Your body is slowly deteriorating. [mutagenic glow]
 69229 | Vaults:3 | Received a gift from Okawaru
 71101 | Vaults:4 | Received a gift from Okawaru
 73512 | Depths:1 | Entered Level 1 of the Depths
 73614 | Depths:1 | Reached skill level 10 in Translocations
 73614 | Depths:1 | Reached XP level 23. HP: 123/153 MP: 36/36
 73716 | Depths:1 | Reached skill level 10 in Charms
 73852 | Depths:1 | Found a one-way gate to the infinite horrors of the Abyss.
 73869 | Depths:1 | Found a gateway to Hell.
 74062 | Depths:1 | Received a gift from Okawaru
 74520 | Depths:1 | Found an iron altar of Okawaru.
 74520 | Depths:1 | Noticed Wiglaf
 74969 | Depths:1 | Killed Wiglaf
 74969 | Depths:1 | Reached skill level 15 in Dodging
 75059 | Depths:1 | Got an encrusted cloak
 75072 | Depths:1 | Identified a +1 pair of boots of running (You found it on level 1 of the Depths)
 75085 | Depths:1 | Identified the +2 cloak of the Spider Nest {rF+} (You found it on level 1 of the Depths)
 75186 | Depths:1 | Got a scorched flail
 75188 | Depths:1 | Identified the +8 flail "Deided" {venom, rC- rN+ Dex+5} (You found it on level 1 of the Depths)
 75648 | Orc:4    | Bought a glowing pearl dragon armour for 3800 gold pieces
 77036 | Depths:2 | Received a gift from Okawaru
 77832 | Depths:3 | Found a gateway to a ziggurat.
 77904 | Depths:3 | Found a one-way gate leading to the halls of Pandemonium.
 78031 | Depths:3 | Reached XP level 24. HP: 126/160 MP: 36/36
 78856 | Depths:3 | Received a gift from Okawaru
 80039 | Depths:4 | Received a gift from Okawaru
 80522 | Depths:4 | Received a gift from Okawaru
 81087 | Depths:5 | Entered Level 5 of the Depths
 81517 | Depths:5 | Reached XP level 25. HP: 167/167 MP: 37/37
 82024 | Depths:5 | Found a gate to the Realm of Zot.
 82037 | Depths:5 | Received a gift from Okawaru
 82467 | Depths:5 | Noticed Xtahua
 82475 | Depths:5 | Killed Xtahua
 82802 | Depths:5 | Reached skill level 15 in Fighting
 82835 | Depths:5 | Received a gift from Okawaru
 84081 | Crypt:1  | Entered Level 1 of the Crypt
 84225 | Crypt:1  | Received a gift from Okawaru
 84705 | Crypt:1  | Learned a level 2 spell: Stoneskin
 84785 | Crypt:1  | Got a coiled platinum ring
 84787 | Crypt:1  | Identified the ring "Ingyics" {+Fly Str+5 Int-4 Dex+2 Slay+3 SInv} (You found it on level 1 of the Crypt)
 85199 | Crypt:2  | Received a gift from Okawaru
 85542 | Crypt:2  | Received a gift from Okawaru
 85547 | Crypt:2  | Got a smoking spear {god gift}
 85550 | Crypt:2  | Identified the +5 spear "Pyafyrgh" {pierce, Contam rF+ rC+} (Okawaru gifted it to you on level 2 of the Crypt)
 85749 | Crypt:2  | Found an ancient bone altar of Kikubaaqudgha.
 85799 | Crypt:2  | Identified a scroll of acquirement
 85802 | Crypt:2  | Got a heavily runed pewter ring
 85803 | Crypt:2  | Identified the ring "Usiat" {+Fly rPois rC+ rN++} (You acquired it on level 2 of the Crypt)
 85843 | Crypt:2  | Reached XP level 26. HP: 181/181 MP: 37/37
 86298 | Crypt:3  | Entered Level 3 of the Crypt
 86343 | Crypt:3  | Found an ancient bone altar of Kikubaaqudgha.
 86367 | Crypt:3  | Found an ancient bone altar of Kikubaaqudgha.
 86457 | Crypt:3  | Found a glowing silver altar of Zin.
 86847 | Crypt:3  | Found a staircase to the Tomb.
 87023 | Crypt:3  | Received a gift from Okawaru
 87474 | Crypt:3  | Found an ancient bone altar of Kikubaaqudgha.
 87943 | Crypt:3  | Got a translucent scimitar
 87945 | Crypt:3  | Identified the cursed +0 scimitar of Zesagynn {flame, rN++} (You took it off a deep elf death mage on level 3 of the Crypt)
 88562 | Crypt:3  | Noticed an ancient lich
 88576 | Crypt:3  | Killed an ancient lich
 88576 | Crypt:3  | Received a gift from Okawaru
 88970 | Crypt:3  | Identified a +5 rod of inaccuracy (13/13) (You found it on level 3 of the Crypt)
 89497 | Depths:1 | Voluntarily entered the Abyss.
 89542 | Abyss:1  | Found a corrupted altar of Lugonu.
 89609 | Abyss:1  | Found a corrupted altar of Lugonu.
 90120 | Abyss:2  | Reached skill level 15 in Armour
 91127 | Abyss:2  | Paralysed by you for 2 turns
 91137 | Abyss:2  | Reached XP level 27. HP: 124/149 MP: 35/35
 91255 | Abyss:2  | Received a gift from Okawaru
 91613 | Abyss:2  | Found a corrupted altar of Lugonu.
 91928 | Depths:1 | Escaped the Abyss
 92416 | Elf:3    | Bought a scroll of enchant armour for 262 gold pieces
 92416 | Elf:3    | Bought a potion of heal wounds for 175 gold pieces
 93051 | Vaults:5 | Entered Level 5 of the Vaults
 93457 | Vaults:5 | Noticed an ancient lich
 93472 | Vaults:5 | Killed an ancient lich
 94202 | Vaults:5 | Received a gift from Okawaru
 94320 | Vaults:5 | Received a gift from Okawaru
 94681 | Vaults:5 | Noticed Mennas
 94731 | Vaults:5 | Killed Mennas
 95217 | Vaults:5 | Noticed an ancient lich
 95223 | Vaults:5 | Killed an ancient lich
 95279 | Vaults:5 | Identified Kakad's Incunabulum of Assistive Enchantment (You found it on level 5 of the Vaults)
 95438 | Vaults:5 | Received a gift from Okawaru
 95444 | Vaults:5 | Got a faintly humming helmet {god gift}
 95455 | Vaults:5 | Identified the +1 helmet "Mumnirunogg" {rC+} (Okawaru gifted it to you on level 5 of the Vaults)
 95731 | Vaults:5 | Got a silver rune of Zot
 95802 | Vaults:5 | Noticed Frederick
 95820 | Vaults:5 | Killed Frederick
 95837 | Vaults:5 | Got a crude iron ring
 95839 | Vaults:5 | Identified the ring of Activism {Str+4 Int+2 Slay+2} (You took it off Frederick on level 5 of the Vaults)
 96428 | Lair:5   | Learned a level 7 spell: Controlled Blink
 96959 | Zot:1    | Entered Level 1 of the Realm of Zot
 97011 | Zot:1    | Reached skill level 15 in Long Blades
 97240 | Zot:1    | Noticed an orb of fire
 97261 | Zot:1    | Gained mutation: You are clumsy. (Dex -2) [an orb of fire]
 97264 | Zot:1    | Gained mutation: You occasionally shout uncontrollably at your foes. [an orb of fire]
 97274 | Zot:1    | Killed an orb of fire
 98744 | Zot:2    | Received a gift from Okawaru
 98976 | Zot:2    | Received a gift from Okawaru
100080 | Zot:3    | Received a gift from Okawaru
101079 | Zot:3    | Received a gift from Okawaru
101475 | Zot:3    | Received a gift from Okawaru
102100 | Zot:4    | Received a gift from Okawaru
102101 | Zot:4    | Got a shimmering plate armour {god gift}
102706 | Zot:4    | Reached skill level 22 in Slings
103433 | Zot:4    | Noticed an orb of fire
103482 | Zot:4    | Killed an orb of fire
103516 | Zot:4    | Reached skill level 23 in Slings
104203 | Zot:5    | Entered Level 5 of the Realm of Zot
104274 | Zot:5    | Reached skill level 24 in Slings
104526 | Zot:5    | Noticed an ancient lich
104561 | Zot:5    | Killed an ancient lich
104619 | Zot:5    | Reached skill level 25 in Slings
104635 | Zot:5    | Noticed an ancient lich
104645 | Zot:5    | Killed an ancient lich
104651 | Zot:5    | Received a gift from Okawaru
104787 | Zot:5    | Received a gift from Okawaru
104790 | Zot:5    | Got a jewelled cloak {god gift}
104791 | Zot:5    | Identified the +0 cloak "Ceum" {rElec rPois} (Okawaru gifted it to you on level 5 of the Realm of Zot)
104792 | Zot:5    | Identified the +7 plate armour of the Dungeon {-Cast rPois Str+2 Dex-5 SInv} (Okawaru gifted it to you on level 4 of the Realm of Zot)
104890 | Zot:5    | Noticed an orb of fire
104900 | Zot:5    | Gained mutation: You sometimes yell uncontrollably at your foes. [an orb of fire]
104903 | Zot:5    | Killed an orb of fire
104903 | Zot:5    | Reached skill level 26 in Slings
105091 | Zot:5    | Noticed an ancient lich
105100 | Zot:5    | Killed an ancient lich
105148 | Zot:5    | Noticed an ancient lich
105168 | Zot:5    | Killed an ancient lich
105168 | Zot:5    | Reached skill level 27 in Slings
105364 | Zot:5    | Got the Orb of Zot
105368 | Zot:4    | Noticed a seraph
105386 | Zot:4    | Noticed Twawniedu the pandemonium lord
105982 | D:5      | Noticed Pniul the pandemonium lord
106110 | D:$      | Escaped with the Orb!

Action                   |  1- 3 |  4- 6 |  7- 9 | 10-12 | 13-15 | 16-18 | 19-21 | 22-24 | 25-27 || total
-------------------------+-------+-------+-------+-------+-------+-------+-------+-------+-------++-------
Melee: Falchion          |   101 |   211 |   187 |   691 |    99 |       |       |       |       ||  1289
       Hunting sling     |       |       |     1 |       |       |       |       |       |       ||     1
       Scimitar          |       |       |       |    12 |   750 |  1427 |   802 |   570 |  2011 ||  5572
       Greatsling        |       |       |       |       |       |       |       |     1 |       ||     1
       Eudemon blade     |       |       |       |       |       |       |       |       |  1421 ||  1421
 Fire: Hunting sling     |       |   140 |   722 |  1447 |   115 |       |       |       |       ||  2424
       Greatsling        |       |       |       |       |   564 |   869 |  1187 |  1753 |  1526 ||  5899
Throw: Stone             |     8 |       |       |     2 |       |       |       |       |     3 ||    13
       Tomahawk          |     5 |       |       |       |       |       |       |       |       ||     5
 Cast: Blink             |     1 |    25 |    51 |    79 |    45 |    30 |    14 |    19 |    22 ||   286
       Portal Projectile |       |     4 |    19 |    22 |     5 |    12 |    26 |    17 |    26 ||   131
       Shroud of Golubri |       |       |     4 |       |       |       |       |       |       ||     4
       Repel Missiles    |       |       |       |     6 |     1 |     2 |     3 |     7 |    14 ||    33
       Regeneration      |       |       |       |       |     3 |    24 |    20 |    11 |    19 ||    77
       Swiftness         |       |       |       |       |       |       |     2 |     1 |     2 ||     5
       Ozocubu's Armour  |       |       |       |       |       |       |     4 |     5 |       ||     9
       Control Teleport  |       |       |       |       |       |       |       |     5 |     7 ||    12
       Flight            |       |       |       |       |       |       |       |       |     1 ||     1
       Apportation       |       |       |       |       |       |       |       |       |    18 ||    18
Invok: Heroism           |       |       |     1 |     2 |     5 |     7 |     4 |     2 |     6 ||    27
       Finesse           |       |       |       |     1 |     3 |     6 |     9 |     3 |    19 ||    41
 Abil: Evoke Flight      |       |       |       |       |       |     1 |     2 |       |       ||     3
       Stop Flying       |       |       |       |       |       |     1 |     2 |       |       ||     3
Evoke: Wand              |       |       |     2 |     1 |       |     1 |       |       |     7 ||    11
  Use: Scroll            |     4 |     3 |     1 |    18 |    14 |    12 |    18 |     5 |    36 ||   111
       Potion            |       |     1 |     8 |     7 |       |     4 |     8 |     7 |    10 ||    45
 Stab: Sleeping          |       |       |       |     1 |     9 |     4 |     1 |       |       ||    15
       Distracted        |       |       |       |       |     2 |     2 |     3 |     2 |       ||     9
       Invisible         |       |       |       |       |       |     8 |       |       |       ||     8
  Eat: Chunk             |     2 |    16 |    21 |    45 |    34 |    54 |    42 |    32 |    39 ||   285
       Pizza             |       |     1 |     1 |       |     1 |     3 |     4 |     2 |     4 ||    16
       Fruit             |       |       |     2 |     3 |     1 |     2 |     3 |     6 |    25 ||    42
       Beef jerky        |       |       |       |     1 |     2 |       |     1 |     3 |     2 ||     9
       Meat ration       |       |       |       |       |       |       |       |       |     5 ||     5
